 Dungeon Crawl Stone Soup version 0.19-a0-32-gbfd796a (webtiles) character file.

58 M4edhros the Grave Robber (level 4, -10/27 HPs)
             Began as an Octopode Necromancer on May 3, 2016.
             Mangled by Crazy Yiuf
             ... wielding a +2 quarterstaff of chaos
              (15 damage)
             ... on level 2 of the Dungeon.
             The game lasted 00:02:24 (361 turns).

M4edhros the Grave Robber (Octopode Necromancer)     Turns: 361, Time: 00:02:24

Health: -10/27     AC:  1    Str:  7    XL:     4   Next: 1%
Magic:  0/7        EV: 12    Int: 17    God:
Gold:   15         SH:  0    Dex: 13    Spells: 3 memorised, 2 levels left

rFire  . . .     SeeInvis .       - Unarmed
rCold  . . .     Gourm    .     (no shield)
rNeg   . . .     Faith    .     (helmet restricted)
rPois  .         Spirit   .     (no amulet)
rElec  .         Dismiss  .     (no ring)
rCorr  .         Reflect  .     (no ring)
SustAt .         Harm     .     (no ring)
MR     .....                    (no ring)
Stlth  +++.......               (no ring)
                                (no ring)
                                (no ring)
                                (no ring)

@: regenerating (expiring), not resistant to hostile enchantments, fairly
stealthy
A: almost no armour, amphibious, 8 rings, constrict 8, camouflage 1, gelatinous
body 1
a: no special abilities


You were on level 2 of the Dungeon.
You were not hungry.

You visited 1 branch of the dungeon, and saw 2 of its levels.

You collected 15 gold pieces.

Inventory:

Missiles
 f - 4 tomahawks of returning (quivered)
Scrolls
 c - a scroll of random uselessness {unknown}
 e - a scroll of enchant weapon {unknown}
 g - a scroll of amnesia {unknown}
Books
 a - a book of Necromancy

   Spells                             Type                      Level
   a - Pain                           Necromancy                   1
   b - Animate Skeleton               Necromancy                   1
   c - Vampiric Draining              Necromancy                   3
   d - Regeneration                   Charms/Necromancy            3
   e - Animate Dead                   Necromancy                   4
   f - Control Undead                 Necromancy                   4
Comestibles
 b - 2 bread rations
 d - 4 chunks of flesh


   Skills:
 - Level 2.0 Dodging
 - Level 2.6 Stealth
 + Level 3.4 Unarmed Combat
 - Level 2.0 Spellcasting
 - Level 4.0 Necromancy


You had 2 spell levels left.
You knew the following spells:

 Your Spells              Type           Power        Failure   Level  Hunger
a - Pain                  Necr           ###.         3%          1    #......
b - Animate Skeleton      Necr           N/A          3%          1    #......
r - Regeneration          Chrm/Necr      #.........   24%         3    ###....


Dungeon Overview and Level Annotations

Branches:
Dungeon (2/15)

Altars:

Annotations:
D:2 Crazy Yiuf


Innate Abilities, Weirdness & Mutations

You cannot wear most types of armour.
You are amphibious.
You can wear up to eight rings at the same time.
You can use your tentacles to constrict eight enemies at once.
Your skin changes colour to match your surroundings (Stealth).
Your rubbery body absorbs attacks (AC +1).


Message History

Your kobold skeleton hits Crazy Yiuf but does no damage.
Your adder skeleton bites Crazy Yiuf.
Unknown command.
You catch the helpless Crazy Yiuf momentarily off-guard.
You tentacle-slap Crazy Yiuf but do no damage.
Crazy Yiuf is severely wounded.
You constrict Crazy Yiuf, but do no damage.
Crazy Yiuf hits you with a quarterstaff of chaos!
Ouch! That really hurt!
* * * LOW HITPOINT WARNING * * *
Crazy Yiuf burns you.
* * * LOW HITPOINT WARNING * * *
Your kobold skeleton hits Crazy Yiuf.
Your adder skeleton bites Crazy Yiuf but does no damage.
You tentacle-slap Crazy Yiuf but do no damage.
Crazy Yiuf is severely wounded.
You constrict Crazy Yiuf.
Crazy Yiuf hits you with a quarterstaff of chaos!
Ouch! That really hurt!
You die...

g. .# ♣♣. ♣.♣ ♣♣.♣
♣.♣♣ ♣♣.♣♣ ♣gZ.♣♣
♣Z@..♣ . #Z)..# ..
#)...####...
##.......#
##......###
#.........#
#######..#.##.#.#
#.....#.......# #
#.....#.##.##........


You could see Crazy Yiuf, a friendly giant newt skeleton, a friendly adder
skeleton and a friendly kobold skeleton.

Vanquished Creatures
  Jessica (D:2)
  2 adders (D:2)
  A worm (D:2)
  2 giant cockroaches
  2 goblins
  2 bats (D:1)
  3 giant newts
  4 kobolds
  2 rats
19 creatures vanquished.

Vanquished Creatures (collateral kills)
  A goblin (D:2)
  A bat (D:2)
2 creatures vanquished.

Grand Total: 21 creatures vanquished

Notes
Turn   | Place    | Note
--------------------------------------------------------------
     0 | D:1      | M4edhros the Octopode Necromancer began the quest for the Orb.
     0 | D:1      | Reached XP level 1. HP: 11/11 MP: 3/3
    10 | D:1      | Reached skill level 1 in Unarmed Combat
   153 | D:2      | Reached XP level 2. HP: 5/17 MP: 3/5
   216 | D:2      | Reached XP level 3. HP: 14/21 MP: 1/6
   219 | D:2      | Learned a level 1 spell: Animate Skeleton
   223 | D:2      | Learned a level 3 spell: Regeneration
   241 | D:2      | Noticed Jessica
   247 | D:2      | Killed Jessica
   316 | D:2      | Reached XP level 4. HP: 26/27 MP: 1/7
   343 | D:2      | Noticed Crazy Yiuf
   361 | D:2      | Mangled by Crazy Yiuf

Vault maps used:
D:1:      dpeg_arrival_boxorama
D:2:      first_bread, uniq_crazy_yiuf_cottage, uniq_jessica

Skill      XL: |  1  2  3 |
---------------+----------+-----
Unarmed Combat | 1 2 3 |  3.4
Dodging        | |  2.0
Stealth        | |  2.6
Spellcasting   | |  2.0
Necromancy     | |  4.0

Action                   |  1- 3 |  4- 6 || total
-------------------------+-------+-------++-------
Melee: Unarmed           |    32 |     5 ||    37
       Constrict         |     8 |     1 ||     9
       Tentacles         |     4 |       ||     4
       Punch             |     1 |       ||     1
 Cast: Pain              |    15 |       ||    15
       Regeneration      |     2 |     1 ||     3
       Animate Skeleton  |     1 |     2 ||     3
  Use: Potion            |     2 |       ||     2
 Stab: Sleeping          |     2 |       ||     2
       Distracted        |       |     1 ||     1
Armor: Skin              |     1 |       ||     1
Dodge: Dodged            |    14 |       ||    14
